AoeStats
← Néo

Arabia

508215028Analyzed
4v4 RM · 11d ago on Sep 21, 2026· 48m 46s· 8 players
Game mode
Random Map
Map size
Large (8 player)
Population
200
Speed
Normal
Resources
Standard
Victory
Conquest
Starting age
Dark Age
Ending age
Imperial Age
RankedLock teamsTeams togetherTeam positionsShared explorationLock speedFull tech treeHidden civsTurbo modeCheats
Victory
Defeat
🇪🇸 Khmer · Spain
942
+15
🇫🇷 Lithuanians · France
918
+16
🇫🇷 Khmer · France
918
+16
🇷🇺 Portuguese · Russia
887
+17
🇺🇸 Magyars · United States
932
-18
🇺🇸 Romans · United States
922
-16
🇹🇷 Mongols · Türkiye
906
-16
🇹🇷 Italians · Türkiye
876
-14
shamannking1993
12:11 Feudal Age
17:57 Castle Age
16:26 Double-Bit Axe
16:30 Horse Collar
20:47 Wheelbarrow
20:00 Loom
22:12 Hand Cart
25:58 Town Watch
30:22 Imperial Age
28:26 Caravan
34:33 Treadmill Crane
35:24 Conscription
37:59 Chemistry
37:22 Ballistics
38:08 Arquebus
39:31 Coinage
39:17 Guilds
41:18 Bombard Tower
41:05 Siege Engineers
47:15 Murder Holes
Néo
0:36 Loom
11:48 Feudal Age
13:22 Wheelbarrow
12:34 Double-Bit Axe
12:33 Horse Collar
21:35 Castle Age
19:56 Gold Mining
19:58 Stone Mining
22:36 Hand Cart
22:35 Bow Saw
27:03 Heavy Plow
30:21 Forging
30:17 Scale Barding Armor
30:03 Town Watch
30:40 Husbandry
34:31 Imperial Age
33:16 Bloodlines
34:05 Fortified Wall
35:02 Fervor
34:39 Cavalier
35:42 Conscription
35:44 Town Patrol
36:24 Crop Rotation
36:59 Two-Man Saw
36:38 Paladin
38:03 Iron Casting
39:14 Chain Barding Armor
40:53 Stone Shaft Mining
CTM | sergiobcn
8:08 Loom
10:11 Feudal Age
11:28 Double-Bit Axe
12:25 Bloodlines
16:00 Forging
21:26 Castle Age
19:46 Horse Collar
20:05 Gold Mining
21:13 Scale Barding Armor
21:30 Light Cavalry
22:33 Chain Barding Armor
22:22 Husbandry
23:56 Iron Casting
25:41 Gold Shaft Mining
27:26 Ballistics
29:47 Wheelbarrow
32:12 Stone Mining
34:57 Imperial Age
34:23 Stone Shaft Mining
33:54 Heavy Plow
34:15 Town Watch
41:54 Cavalier
44:14 Bow Saw
46:55 Plate Barding Armor
47:43 Conscription
49:08 Blast Furnace
APC
0:29 Loom
11:56 Feudal Age
12:35 Double-Bit Axe
13:29 Wheelbarrow
14:23 Gold Mining
14:24 Stone Mining
14:25 Horse Collar
15:42 Town Watch
21:06 Castle Age
22:53 Town Patrol
23:26 Hand Cart
23:53 Bow Saw
27:26 Imperial Age
26:36 Gold Shaft Mining
26:15 Heavy Plow
33:36 Double Crossbow
34:17 Ballistics
34:58 Stone Shaft Mining
34:54 Caravan
36:01 Heavy Scorpion
39:13 Siege Engineers
M3TAL JUNKI3xXx
0:30 Loom
12:09 Feudal Age
12:48 Double-Bit Axe
12:51 Town Watch
12:49 Horse Collar
22:03 Castle Age
21:42 Gold Mining
21:43 Stone Mining
22:32 Wheelbarrow
22:55 Bow Saw
22:50 Heavy Plow
24:15 Hand Cart
24:01 Man-at-Arms
24:55 Scale Mail Armor
25:57 Forging
26:04 Fletching
27:37 Squires
27:28 Pikeman
28:43 Chain Mail Armor
28:20 Long Swordsman
30:33 Iron Casting
29:54 Bodkin Arrow
34:10 Town Patrol
35:29 Ballistas
37:03 Ballistics
36:41 Murder Holes
40:49 Imperial Age
39:42 Guard Tower
40:02 Masonry
40:51 Capped Ram
40:54 Heavy Scorpion
41:20 Halberdier
46:15 Blast Furnace
44:46 Legionary
The Giant
9:24 Loom
11:10 Feudal Age
13:43 Double-Bit Axe
13:55 Horse Collar
19:30 Castle Age
20:35 Bow Saw
20:27 Heavy Plow
20:19 Gold Mining
21:54 Fletching
22:05 Stone Mining
22:55 Padded Archer Armor
23:25 Crossbowman
25:59 Thumb Ring
25:33 Pikeman
39:59 Leather Archer Armor
41:22 Wheelbarrow
41:54 Ballistics
41:49 Bodkin Arrow
42:20 Silk Road
46:57 Imperial Age
46:30 Hand Cart
46:58 Elite Genoese Crossbowman
KarasukWarrior
10:46 Feudal Age
11:21 Double-Bit Axe
12:48 Wheelbarrow
14:27 Horse Collar
18:10 Castle Age
16:28 Fletching
16:47 Stone Mining
17:35 Gold Mining
22:25 Bow Saw
23:08 Heavy Plow
24:32 Bodkin Arrow
27:04 Padded Archer Armor
28:35 Ballistics
28:42 Leather Archer Armor
28:34 Husbandry
29:07 Hand Cart
30:10 Bloodlines
38:11 Gold Shaft Mining
41:22 Imperial Age
42:30 Elite Mangudai
Zar
26:55 Loom
39:57 Feudal Age
Connection lost

Rejoining the realm…

Still unreachable

The connection could not be restored.

Session expired

The server has moved on; the page needs a fresh start.